 Dungeon Crawl Stone Soup version 0.31.0-32-g396128a36d (webtiles) character file.

Game seed: 11812350182944305222

27 diecastcamel the Slasher (level 3, 29/29 HPs)
             Began as a Barachi Fighter on Apr 24, 2024.
             Quit the game on level 1 of the Dungeon.
             The game lasted 00:02:17 (515 turns).

diecastcamel the Slasher (Barachi Fighter)           Turns: 515, Time: 00:02:17

Health: 29/29      AC: 10    Str: 19    XL:     3   Next: 10%
Magic:  3/3        EV:  7    Int:  8    God:
Gold:   21         SH:  4    Dex: 11    Spells: 2/2 levels left

rFire   . . .        a - +0 long sword
rCold   . . .        c - +0 buckler
rNeg    . . .        i - +0 chain mail
rPois   .            e - +0 helmet
rElec   .            (no cloak)
rCorr   .            (no gloves)
SInv    .            (no boots)
Will    .....        (no amulet) Stlth
                     (no ring)
HPRegen 0.24/turn    (no ring)
MPRegen 0.08/turn

%: no passive effects
@: slow
A: amphibious, slowness 1, strong legs 1, +LOS
a: Hop


You were on level 1 of the Dungeon.
You visited 1 branch of the dungeon, and saw 1 of its levels.

You collected 21 gold pieces.

Inventory:

Hand Weapons
 a - a +0 long sword (weapon)
Armour
 c - a +0 buckler (worn)
 e - a +0 helmet (worn)
 i - a +0 chain mail (worn)
Scrolls
 g - 3 scrolls of brand weapon {unknown}
 h - 2 scrolls of noise {unknown}
Potions
 d - a potion of might
 f - a potion of curing {unknown}


   Skills:
 - Level 3.6 Fighting
 + Level 4.2 Long Blades
 - Level 3.6 Armour
 - Level 3.2 Shields


You had 2 spell levels left.
You didn't know any spells.
Your spell library was empty.

Dungeon Overview and Level Annotations

Branches:
Dungeon (1/15)

Altars:


Innate Abilities, Weirdness & Mutations

You are amphibious.
You cover ground slowly.
You can hop short distances.
You have an extended range of vision and can be seen from far away.


Message History

There is an open door here.
Found a chain mail.
h - 2 scrolls labelled ZUKOGUWN SUCI (gained 1)
You open the door.
A bat comes into view.
There is an open door here.
The bat hits you but does no damage.
You slash the bat!
You kill the bat!
No target in view!
No target in view!
Search for what [? for help]? chain
There is an open door here.
You see here a +0 chain mail.
i - a +0 chain mail You start removing your armour.
You continue taking off your +0 scale mail. x4
You finish taking off your +0 scale mail.
You start putting on your armour.
You continue putting on your +0 chain mail. x5
You finish putting on your +0 chain mail.
Unknown command.
You drop a +0 scale mail.
There is an open door here.
You see here a bat corpse.
You now have 21 gold pieces (gained 9).
A frilled lizard and a rat come into view.
Found a scroll labelled HUERUR ININE.
Found a stone staircase leading down.
The frilled lizard hisses angrily.
The rat squeaks loudly.
The rat twitches its whiskers.
You slash the frilled lizard!
You kill the frilled lizard!
The rat twitches its whiskers.
You closely miss the rat. The rat bites you but does no damage.
You closely miss the rat. The rat bites you but does no damage.
You hit the rat.
You kill the rat!
No target in view!
No target in view!
Are you sure you want to abandon this character and quit the game? (Confirm with "yes".)

#.# .?# ##### #.# r.#
#...######.# l.#
#.#......#.# ..#
#####.#...##.#.########.^#
......'................>.#
#####.#†..##.#.####### ..#
## #.#......#.########..#
.## #.########..@†.......#
#.# #.#################.##
..# #......... .#
#.###########. .# .....#
.# ####.#### .. .###..).#
.# ##...##.######### .#
...####.........# .#


There were no monsters in sight!

Vanquished Creatures
  2 dart slugs (D:1)
  5 endoplasms (D:1)
  6 kobolds (D:1)
  3 quokkas (D:1)
  2 bats (D:1)
  A frilled lizard (D:1)
  2 rats (D:1)
21 creatures vanquished.

Notes
Turn   | Place    | Note
-------+----------+-------------------------------------------
     0 | D:1      | diecastcamel the Barachi Fighter began the quest for the
                  | Orb.
     0 | D:1      | Reached XP level 1. HP: 18/18 MP: 1/1
    33 | D:1      | Reached skill level 3 in Long Blades
    51 | D:1      | Reached XP level 2. HP: 23/24 MP: 2/2
   218 | D:1      | Reached skill level 4 in Long Blades
   263 | D:1      | Reached XP level 3. HP: 14/29 MP: 3/3
   515 | D:1      | Quit the game

Illustrated notes

Levels and vault maps discovered:
D:1:      roadster_arrival_rocket_small, layout_basic, hangedman_decor_opposing,
          minmay_misc_feat_doors, serial_bayou_crossing

Skill      XL: |  1  2 |
---------------+-------+-----
Long Blades    | 3 4 |  4.2
Fighting       | |  3.6
Armour         | |  3.6
Shields        | |  3.2

Action                     || total
---------------------------++-------
  Melee: Long sword        ||    55
 Armour: Scale mail        ||    44
         Chain mail        ||     2
  Dodge: Dodged            ||    24
  Block: Buckler           ||    11
